 Dungeon Crawl Stone Soup version 0.32-a0-656-g3542139 (webtiles) character file.

Game seed: 14206773200437896986

387 pingdol4 the Trooper (level 6, -3/52 HPs)
             Began as a Coglin Gladiator on Mar 8, 2024.
             Slain by Prince Ribbit (12 damage)
             ... on level 5 of the Dungeon.
             The game lasted 00:11:30 (3890 turns).

pingdol4 the Trooper (Coglin Gladiator)             Turns: 3890, Time: 00:11:30

Health: -3/52      AC:  6    Str: 14    XL:     6   Next: 78%
Magic:  6/6        EV: 12    Int:  7    God:
Gold:   242        SH:  0    Dex: 18    Spells: 5/5 levels left

rFire   . . .        a - +0 long sword {Gottfried}
rCold   . . .        t - +2 falchion (protect) {Dalbir}
rNeg    . . .        b - +0 leather armour
rPois   .            c - +0 helmet
rElec   .            (no cloak)
rCorr   .            g - +0 pair of gloves
SInv    .            p - +0 pair of boots
Will    .....        (amulet unavailable)
Stlth   +            (ring unavailable)
HPRegen 0.28/turn    (ring unavailable)
MPRegen 0.10/turn    (no gizmo)

%: no passive effects
@: mighty
A: off-hand wielding, slow wielding, warmup strikes, no jewellery
a: Invent Gizmo


You were on level 5 of the Dungeon.
You visited 2 branches of the dungeon, and saw 6 of its levels.

You collected 242 gold pieces.

Inventory:

Hand Weapons
 a - a +0 long sword (weapon) {Gottfried}
 f - a +0 dagger {Yae}
 t - a +2 falchion of protection (offhand) {Dalbir}
 v - a +2 dagger of speed
Missiles
 e - a javelin
 i - 4 atropa-tipped darts {!f}
 m - 2 boomerangs
 x - 4 curare-tipped darts {!f}
Armour
 b - a +0 leather armour (worn)
 c - a +0 helmet (worn)
 g - a +0 pair of gloves (worn)
 n - a +2 kite shield
 p - a +0 pair of boots (worn)
Wands
 w - a wand of flame (9)
Scrolls
 k - a scroll of amnesia
 l - 2 scrolls of teleportation {!r}
 r - a scroll of poison {unknown}
Potions
 h - a potion of heal wounds {unknown}
 j - a potion of mutation {unknown}
 o - 2 potions of might {!q}
 q - a potion of resistance {unknown}
 s - a potion of brilliance {unknown}
 u - 2 potions of attraction {unknown}
 z - a potion of curing {unknown}


   Skills:
 + Level 5.7 Fighting
 - Level 5.0 Long Blades
 - Level 1.7 Throwing
 - Level 2.7 Dodging


You had 5 spell levels left.
You didn't know any spells.
Your spell library contained the following spells:

 Spells                   Type           Power      Damage    Failure   Level
 Freeze                   Ice            0%         1d3       52%         1
 Sting                    Conj/Alch      0%         1d3       52%         1
 Mercury Vapours          Alch/Air       0%         N/A       65%         2
 Frozen Ramparts          Ice            0%         1d1       87%         3
 Hailstorm                Conj/Ice       0%         3d5       87%         3
 Olgreb's Toxic Radiance  Alch           0%         N/A       99%         4


Dungeon Overview and Level Annotations

Branches:
Dungeon (5/15) Zot: 26110  Temple (1/1) D:5 Zot: 5982

Altars:
Ashenzari
Elyvilon
Hepliaklqana
Nemelex Xobeh
Qazlal
Ru
Uskayaw
Xom
Zin

Annotations:
D:3 1 runed translucent door, Truedra's ghost, weakling DrSh
D:5 Edmund; Prince Ribbit


Innate Abilities, Weirdness & Mutations

You can wield a second weapon in your off-hand.
It takes a long time for you to wield or remove held weapons.
Your first few attacks do less damage.
You cannot equip rings or amulets.


Message History

Prince Ribbit lets out a mournful croak.
Prince Ribbit blinks!
Unknown command.
Throw: 2 boomerangs
Press: ? - help, Q - select action, (/) - cycle Shift-Dir - straight line, f/p - Prince Ribbit
Aim: Prince Ribbit (lightly wounded, 39% to hit)
You throw a boomerang. The boomerang misses Prince Ribbit.
Unknown command.
Throw: 2 boomerangs
Press: ? - help, Q - select action, (/) - cycle Shift-Dir - straight line, f/p - Prince Ribbit
Aim: Prince Ribbit (lightly wounded, 39% to hit)
You throw a boomerang. The boomerang misses Prince Ribbit.
Unknown command.
Throw: 2 throwing nets {!f}
Press: ? - help, Q - select action, (/) - cycle Shift-Dir - straight line, f/p - Prince Ribbit
Aim: Prince Ribbit (lightly wounded, 39% to hit)
You throw a throwing net {!f}.
The throwing net {!f} closely misses Prince Ribbit.
Prince Ribbit hits you but does no damage.
Unknown command.
Throw: throwing net {!f}
Press: ? - help, Q - select action, (/) - cycle Shift-Dir - straight line, f/p - Prince Ribbit
Aim: Prince Ribbit (lightly wounded, 39% to hit)
You throw a throwing net {!f}.
The throwing net {!f} closely misses Prince Ribbit.
Prince Ribbit hits you! x2
Okay, then.
Okay, then.
You feel very mighty all of a sudden. Prince Ribbit closely misses you.
You closely miss Prince Ribbit with your +2 falchion of protection.
Prince Ribbit is lightly wounded.
You slice Prince Ribbit with your +0 long sword!!
Prince Ribbit hits you!
* * * LOW HITPOINT WARNING * * *
Prince Ribbit barely misses you.
Items here: ))) [ †.
Prince Ribbit attacks as he pursues you!
Prince Ribbit hits you!
You die...

⌠...⌠..#..# ##..#.#.#
...........####...#...#.#
.......#.. +..........F..
##.##.##.. ####.......#
##...... ##..###.#
####.... #.(....# #..
#.###### #+# #F# #.# #@#
#.# #.# ### ##.## #.#
..###...## #.#
...#.....#######.#
....#...###......#
............######
....######### ...##


You could see Prince Ribbit.

Vanquished Creatures
  A scorpion (D:5)
  A hound (D:4)
  2 orc priests (D:4)
  A jelly (D:4)
  2 orc wizards
  3 gnolls (D:2)
  5 adders
  3 ribbon worms
  A dart slug (D:1)
  7 orcs
  6 ball pythons
  6 endoplasms
  5 giant cockroaches (D:1)
  7 goblins
  6 hobgoblins
  2 jackals (D:1)
  6 quokkas
  6 bats
  2 frilled lizards (D:1)
  5 kobolds
  2 rats (D:1)
79 creatures vanquished.

Notes
Turn   | Place    | Note
-------+----------+-------------------------------------------
     0 | D:1      | pingdol4 the Coglin Gladiator began the quest for the Orb.
     0 | D:1      | Reached XP level 1. HP: 16/16 MP: 1/1
   136 | D:1      | Reached XP level 2. HP: 19/23 MP: 2/2
   280 | D:1      | Reached XP level 3. HP: 28/28 MP: 3/3
  1151 | D:2      | Reached XP level 4. HP: 35/35 MP: 4/4
  2072 | D:3      | Found a runed translucent door.
  2074 | D:3      | Noticed Truedra's ghost (weakling DrSh)
  2074 | D:3      | Noticed a phantom
  2246 | D:3      | Reached XP level 5. HP: 42/42 MP: 5/5
  2635 | D:4      | Reached skill level 5 in Long Blades
  2635 | D:4      | Reached XP level 6. HP: 36/49 MP: 6/6
  2913 | D:4      | Found a broken altar of Ashenzari.
  3273 | D:4      | Reached skill level 5 in Fighting
  3486 | D:5      | Entered Level 5 of the Dungeon
  3549 | D:5      | Noticed Edmund
  3763 | D:5      | Found a staircase to the Ecumenical Temple.
  3774 | Temple   | Entered the Ecumenical Temple
  3853 | D:5      | Noticed Prince Ribbit
  3890 | D:5      | Slain by Prince Ribbit

Illustrated notes

Levels and vault maps discovered:
D:1:      dpeg_arrival_prison, layout_loops_ring, amethyst_killhole
D:2:      layout_basic, wad_floor_pattern_1
D:3:      layout_basic, ebering_ghost_inner_flame, minmay_misc_feat_rows,
          minmay_between
D:4:      layout_basic, nicolae_overflow_crystal_walls, grunt_ministairs_15,
          kennysheep_nondescript, kennysheep_generic_room_2
D:5:      layout_loops_corners, minmay_temple_entry_large_hall,
          uniq_prince_ribbit1, uniq_edmund, uniq_crazy_yiuf_cottage
Temple:   hellmonk_temple_beads

Skill      XL: |  1  2  3  4  5  6 |
---------------+-------------------+-----
Fighting       | 3 4 5 |  5.7
Long Blades    | 4 5 |  5.0
Throwing       | |  1.7
Dodging        | |  2.7

Action                     |  1- 3 |  4- 6 || total
---------------------------+-------+-------++-------
  Melee: Long sword        |    90 |    86 ||   176
         Dagger            |    72 |    18 ||    90
         Falchion          |       |    68 ||    68
  Throw: Throwing net      |     3 |     4 ||     7
         Dart              |     2 |     1 ||     3
         Javelin           |       |     2 ||     2
         Boomerang         |       |     4 ||     4
    Use: Scroll            |     3 |     3 ||     6
         Potion            |       |     1 ||     1
   Stab: Sleeping          |     2 |     2 ||     4
         Held in net/web   |       |     2 ||     2
 Armour: Leather armour    |    48 |    60 ||   108
  Dodge: Dodged            |    49 |    71 ||   120

Table legend: (Time is in decaauts)
 A = Elapsed time spent in this place.
 B = Non-inter-level travel time spent in this place.
 C = Inter-level travel time spent in this place.
 D = Time resting spent in this place.
 E = Time spent auto-exploring this place.
 F = Levels seen in this place.
 G = Mean time per level.
                   A        B        C        D        E       F      G
               +--------+--------+--------+--------+--------+-----+--------+
         Total |   3905 |   3695 |    210 |    268 |   2390 |   6 |  650.8 |
       Dungeon |   3888 |   3693 |    195 |    268 |   2390 |   5 |  777.6 |
        Temple |     17 |      2 |     15 |      0 |      0 |   1 |   17.0 |
               +--------+--------+--------+--------+--------+-----+--------+

Top non-repeatable levels by time:
     D:4: 988 daAuts
     D:1: 970 daAuts
     D:3: 875 daAuts
     D:2: 741 daAuts
     D:5: 312 daAuts
  Temple: 17 daAuts
